AoeStats
← Biscoitoso

Black Forest

510243864Analyzed
4v4 RM · 2d ago on Sep 30, 2026· 84m 55s· 8 players
Game mode
Random Map
Map size
Large (8 player)
Population
200
Speed
Normal
Resources
Standard
Victory
Conquest
Starting age
Dark Age
Ending age
Imperial Age
RankedLock teamsTeams togetherTeam positionsShared explorationLock speedFull tech treeHidden civsTurbo modeCheats
Victory
Defeat
🇲🇽 Mongols · Mexico
816
+10
🇧🇷 Teutons · Brazil
716
+14
🇲🇽 Spanish · Mexico
712
+14
🇧🇷 Britons · Brazil
477
+25
🇻🇳 Bohemians · Vietnam
727
-18
🇨🇳 Ethiopians · China
662
-15
🇺🇸 Turks · United States
661
-15
🇨🇴 Shu · Colombia
654
-15
Lizzie Borden
REYJAGUAR4660
2:07 Loom
10:08 Feudal Age
10:44 Horse Collar
11:35 Double-Bit Axe
12:55 Gold Mining
16:53 Wheelbarrow
16:12 Stone Mining
17:24 Man-at-Arms
18:44 Town Watch
21:17 Castle Age
21:16 Fletching
22:18 Forging
22:06 Gambesons
23:47 Bodkin Arrow
23:33 Crossbowman
25:03 Padded Archer Armor
26:51 Bow Saw
27:11 Heavy Plow
28:22 Scale Mail Armor
29:23 Thumb Ring
31:38 Leather Archer Armor
31:39 Chain Mail Armor
33:34 Scale Barding Armor
34:33 Coinage
34:30 Caravan
35:01 Hand Cart
36:03 Ballistics
37:24 Coiled Serpent Array
43:11 Imperial Age
41:27 Elite Skirmisher
43:04 Chain Barding Armor
42:06 Long Swordsman
42:07 Pikeman
42:48 Squires
42:33 Arson
43:33 Arbalester
45:19 Ring Archer Armor
44:49 Bracer
45:20 Plate Mail Armor
45:03 Siege Engineers
45:08 Masonry
46:05 Chemistry
45:09 Two-Handed Swordsman
47:03 Conscription
47:21 Hoardings
47:23 Murder Holes
47:19 Heated Shot
47:11 Treadmill Crane
49:44 Banking
50:43 Fortified Wall
51:04 Architecture
51:15 Plate Barding Armor
51:21 Gold Shaft Mining
50:41 Elite White Feather Guard
52:28 Guilds
55:45 Arrowslits
55:51 Guard Tower
56:05 Town Patrol
56:24 Bolt Magazine
56:33 Capped Ram
58:28 Husbandry
57:50 Light Cavalry
60:53 Siege Ram
62:00 Heavy Hei Guang Cavalry
65:13 Champion
78:11 Two-Man Saw
暗夜惜黎
12:51 Feudal Age
14:08 Wheelbarrow
13:16 Horse Collar
13:24 Double-Bit Axe
21:52 Castle Age
19:47 Gold Mining
20:15 Stone Mining
23:47 Gold Shaft Mining
24:12 Heavy Plow
26:15 Caravan
30:56 Bow Saw
34:33 Imperial Age
33:02 Arson
34:37 Squires
36:23 Chemistry
38:21 Torsion Engines
38:33 Town Watch
44:42 Siege Engineers
44:57 Hand Cart
49:45 Two-Man Saw
49:15 Conscription
48:21 Heavy Scorpion
49:50 Forging
49:40 Scale Mail Armor
50:11 Masonry
55:32 Architecture
61:02 Iron Casting
60:43 Chain Mail Armor
73:56 Scale Barding Armor
74:52 Blast Furnace
75:06 Husbandry
74:32 Heavy Camel Rider
duchuy2442
12:57 Feudal Age
17:34 Horse Collar
17:50 Double-Bit Axe
21:28 Castle Age
20:43 Wheelbarrow
23:33 Fletching
23:44 Padded Archer Armor
24:42 Heavy Plow
26:16 Hand Cart
28:12 Elite Skirmisher
29:40 Bodkin Arrow
30:00 Leather Archer Armor
32:24 Bow Saw
34:14 Ballistics
34:56 Chemistry
42:32 Imperial Age
43:33 Bracer
44:03 Ring Archer Armor
43:57 Conscription
43:02 Elite Hussite Wagon
44:03 Conscription
48:16 Houfnice
57:29 Two-Man Saw
56:03 Light Cavalry
58:53 Husbandry
67:01 Scale Barding Armor
80:02 Pikeman
rafa08slayer
0:46 Loom
15:16 Feudal Age
16:52 Wheelbarrow
16:05 Double-Bit Axe
20:02 Horse Collar
25:13 Castle Age
27:20 Forging
28:05 Hand Cart
28:11 Bow Saw
28:04 Heavy Plow
30:30 Bloodlines
31:11 Husbandry
52:23 Imperial Age
50:40 Squires
50:03 Pikeman
52:37 Elite Conquistador
54:29 Cavalier
55:27 Gold Mining
60:57 Chemistry
60:29 Paladin
61:28 Halberdier
67:01 Scale Barding Armor
71:49 Arson
78:10 Ballistics
78:32 Iron Casting
80:31 Murder Holes
montes_503
1:08 Loom
13:42 Feudal Age
15:00 Wheelbarrow
14:11 Double-Bit Axe
14:08 Horse Collar
22:54 Castle Age
26:17 Hand Cart
26:56 Caravan
27:11 Heavy Plow
33:54 Imperial Age
32:01 Hand Cart
32:02 Padded Archer Armor
31:53 Fletching
33:21 Nomads
33:45 Bodkin Arrow
34:37 Stone Mining
34:38 Gold Mining
34:28 Elite Mangudai
35:39 Heavy Scorpion
35:58 Capped Ram
37:06 Leather Archer Armor
37:56 Chemistry
37:18 Ballistics
37:23 Drill
37:27 Scale Barding Armor
38:04 Coinage
38:01 Murder Holes
40:04 Siege Ram
40:57 Elite Steppe Lancer
45:09 Chain Barding Armor
44:50 Bracer
44:57 Onager
46:54 Siege Onager
48:20 Conscription
48:59 Coinage
48:21 Siege Onager
49:35 Nomads
50:12 Hoardings
49:53 Forging
55:57 Banking
56:28 Iron Casting
56:34 Masonry
61:07 Husbandry
61:17 Bloodlines
68:43 Blast Furnace
Biscoitoso
0:58 Loom
14:37 Feudal Age
15:06 Double-Bit Axe
19:52 Fishing Lines
21:46 Gold Mining
21:50 Stone Mining
24:39 Castle Age
23:10 Horse Collar
23:36 Fletching
23:57 Forging
23:47 Scale Mail Armor
23:48 Padded Archer Armor
26:31 Bow Saw
27:21 Caravan
27:48 Heavy Plow
27:53 Gillnets
28:22 Bodkin Arrow
28:18 Town Watch
29:08 Wheelbarrow
29:53 Stone Shaft Mining
29:52 Fervor
30:03 Sanctity
30:01 Medium Warships
31:02 Iron Casting
30:42 Leather Archer Armor
30:42 Chain Mail Armor
30:33 Scale Barding Armor
35:15 Hand Cart
41:40 Imperial Age
41:57 Ironclad
42:02 Chain Barding Armor
42:17 Ballistics
42:08 Fortified Wall
42:08 Masonry
43:21 Conscription
44:04 Blast Furnace
43:35 Ring Archer Armor
43:35 Plate Mail Armor
43:40 Plate Barding Armor
43:51 Crop Rotation
44:24 Two-Man Saw
44:30 Chemistry
43:15 Arrowslits
43:36 Siege Engineers
43:36 Arson
43:51 Squires
43:12 Pikeman
43:37 Gambesons
43:12 Man-at-Arms
43:15 Elite Teutonic Knight
44:31 Hoardings
44:16 Crenellations
43:28 Sappers
44:25 Town Patrol
45:49 Onager
46:04 Cavalier
46:54 Bloodlines
46:08 Halberdier
46:08 Long Swordsman
47:07 Siege Onager
49:35 Heavy Warships
48:31 Demolition Ship
49:30 Devotion
49:46 Block Printing
50:11 Guilds
50:32 Coinage
49:51 Paladin
51:48 Heavy Scorpion
56:09 Bombard Tower
57:48 Theocracy
57:34 Faith
58:21 Banking
64:49 Heavy Mounted Crossbowman
64:49 Elite Skirmisher
64:50 Crossbowman
65:42 Capped Ram
71:01 Heavy Demolition Ship
73:32 Illumination
73:08 Atonement
73:18 Redemption
73:29 Heresy
UF_KILL
14:49 Feudal Age
15:50 Horse Collar
15:59 Double-Bit Axe
16:07 Gold Mining
16:08 Stone Mining
17:37 Wheelbarrow
20:16 Man-at-Arms
20:42 Arson
24:13 Castle Age
23:59 Forging
23:55 Padded Archer Armor
24:28 Fletching
24:40 Scale Mail Armor
25:56 Gold Shaft Mining
25:39 Heavy Plow
26:14 Bow Saw
26:43 Caravan
27:45 Long Swordsman
27:46 Pikeman
28:26 Squires
28:33 Crossbowman
28:38 Elite Skirmisher
30:29 Hand Cart
32:04 Gambesons
33:00 Coinage
33:09 Iron Casting
32:50 Chain Mail Armor
32:51 Leather Archer Armor
32:46 Bodkin Arrow
36:26 Yeomen
41:42 Imperial Age
43:45 Two-Man Saw
43:53 Blast Furnace
44:16 Chemistry
43:37 Ballistics
44:15 Ring Archer Armor
44:48 Arbalester
45:21 Two-Handed Swordsman
47:45 Halberdier
53:03 Champion
83:46 Cranequins
83:47 Heavy Mounted Crossbowman
Connection lost

Rejoining the realm…

Still unreachable

The connection could not be restored.

Session expired

The server has moved on; the page needs a fresh start.